 Dungeon Crawl Stone Soup version 0.30-a0-879-ga8ba668304 (webtiles) character file.

Game seed: 3967171383745898842

13 Parcival the Conjurer (level 2, -2/19 HPs)
             Began as a Human Conjurer on Mar 13, 2023.
             Slain by a goblin
             ... wielding a +0 club
              (4 damage)
             ... on level 1 of the Dungeon.
             The game lasted 00:01:25 (545 turns).

Parcival the Conjurer (Human Conjurer)               Turns: 545, Time: 00:01:26

Health: -2/19      AC:  2    Str:  7    XL:     2   Next: 50%
Magic:  2/5        EV: 12    Int: 18    God:
Gold:   43         SH:  0    Dex: 11    Spells: 4/5 levels left

rFire   . . .      SeeInvis .    e - +0 dagger
rCold   . . .      Faith    .    (no shield)
rNeg    . . .      Spirit   .    a - +0 robe
rPois   .          Reflect  .    (no helmet)
rElec   .          Rampage  .    (no cloak)
rCorr   .                        (no gloves)
Will    .....                    (no boots)
Stlth   ++                       (no amulet)
HPRegen 0.23/turn                (no ring)
MPRegen 0.09/turn                (no ring)

@: no status effects
A: no striking features
a: no special abilities


You were on level 1 of the Dungeon.
You visited 1 branch of the dungeon, and saw 1 of its levels.

You collected 43 gold pieces.

Inventory:

Hand Weapons
 e - a +0 dagger (weapon)
Armour
 a - a +0 robe (worn)
Scrolls
 d - a scroll of identify {unknown}
Potions
 b - a potion of magic
 c - 2 potions of flight {unknown}
 f - 2 potions of haste {unknown}


   Skills:
 + Level 0.2 Short Blades
 + Level 2.0 Dodging
 + Level 2.5 Stealth
 + Level 2.0 Spellcasting
 + Level 4.2 Conjurations


You had 4 spell levels left.
You knew the following spells:

 Your Spells              Type           Power      Damage    Failure   Level
a - Magic Dart            Conj           68%        1d6       3%          1

Your spell library contained the following spells:

 Spells                   Type           Power      Damage    Failure   Level
 Searing Ray              Conj           34%        2d5       4%          2
 Dazzling Flash           Conj/Hex       18%        N/A       22%         3
 Fulminant Prism          Conj/Hex       4%         3d5       58%         4
 Iskenderun's Mystic Bla  Conj/Tloc      9%         2d4       58%         4


Dungeon Overview and Level Annotations

Branches:
Dungeon (1/15)

Altars:

Shops:
D:1 :


Message History

A goblin comes into view. It is wielding a +0 club.
The endoplasm freezes you.
You are frozen.
You hit the endoplasm but do no damage.
The endoplasm is moderately wounded.
The endoplasm barely misses you.
Your magical contamination has completely faded away.
You hit the endoplasm.
The endoplasm is heavily wounded.
The endoplasm freezes you.
You are frozen.
You hit the endoplasm. You punch the endoplasm.
You kill the endoplasm!
You hit the kobold but do no damage. The kobold hits you with a +0 dagger.
You barely miss the kobold. The kobold barely misses you.
You closely miss the kobold. The kobold misses you.
You completely miss the kobold. The kobold hits you but does no damage.
You closely miss the kobold. The kobold hits you with a +0 dagger.
You barely miss the kobold. The kobold misses you.
You hit the kobold.
The kobold is moderately wounded.
The kobold hits you with a +0 dagger.
You hit the kobold but do no damage.
The kobold is moderately wounded.
The kobold hits you with a +0 dagger.
You closely miss the kobold.
The kobold is moderately wounded.
The kobold hits you with a +0 dagger.
You closely miss the kobold. The kobold hits you with a +0 dagger.
* * * LOW HITPOINT WARNING * * *
You hit the kobold.
You kill the kobold!
You hit the goblin.
The goblin is severely wounded.
The goblin hits you with a +0 club.
* * * LOW HITPOINT WARNING * * *
You barely miss the goblin.
The goblin is severely wounded.
The goblin hits you with a +0 club.
You die...

#..#.#.....).....#.
#..#.#..########.#
## #.#.........#
#.#.#######.#######
#.#................
#.#######.#.########
#.....#.#......#
#.###.#.......#
#####@##...# #g# .#
#)# ..# ..# ...#
.#.. .....


You could see a goblin.

Vanquished Creatures
  A dart slug (D:1)
  2 endoplasms (D:1)
  A giant cockroach (D:1)
  3 kobolds (D:1)
  2 ball pythons (D:1)
  A frilled lizard (D:1)
10 creatures vanquished.

Notes
Turn   | Place    | Note
-------+----------+-------------------------------------------
     0 | D:1      | Parcival the Human Conjurer began the quest for the Orb.
     0 | D:1      | Reached XP level 1. HP: 13/13 MP: 3/3
   353 | D:1      | Reached XP level 2. HP: 19/19 MP: 1/5
   405 | D:1      | Found Fekinles's Book Emporium.
   545 | D:1      | Slain by a goblin

Illustrated notes

Levels and vault maps discovered:
D:1:      onia_arrival_mini_spirals, layout_basic, serial_shops, shop, shop,
          serial_aquarium, aquarium_bridge_long_separate
          [aquarium_subvault_bridge, aquarium_subvault_window,
          aquarium_subvault_wall, aquarium_subvault_balcony,
          aquarium_subvault_bridge, aquarium_subvault_bridge],
          aquarium_window_2, aquarium_window_corridor_2, aquarium_window_fake,
          aquarium_window_fake, aquarium_view_2c, aquarium_view_2g,
          aquarium_pool_corner

Action                     || total
---------------------------++-------
  Melee: Unarmed           ||     3
         Dagger            ||    18
         Punch             ||     1
   Cast: Magic Dart        ||    16
 Armour: Robe              ||     1
  Dodge: Dodged            ||     4

Table legend: (Time is in decaauts)
 A = Elapsed time spent in this place.
 B = Non-inter-level travel time spent in this place.
 C = Inter-level travel time spent in this place.
 D = Time resting spent in this place.
 E = Time spent auto-exploring this place.
 F = Levels seen in this place.
 G = Mean time per level.
                   A        B        C        D        E       F      G
               +--------+--------+--------+--------+--------+-----+--------+
         Total |    544 |    539 |      5 |      0 |    480 |   1 |  544.0 |
       Dungeon |    544 |    539 |      5 |      0 |    480 |   1 |  544.0 |
               +--------+--------+--------+--------+--------+-----+--------+

Top non-repeatable levels by time:
     D:1: 544 daAuts
